 Dungeon Crawl Stone Soup version 0.27-a0-1060-gcb85b5eba1 (webtiles) character file.

Game seed: 12804683754453783020

142 siradein the Ducker (level 5, -7/42 HPs)
             Began as a Minotaur Gladiator on Apr 21, 2021.
             Mangled by Sigmund
             ... wielding a +0 scythe
              (11 damage)
             ... on level 2 of the Dungeon.
             The game lasted 00:02:51 (2792 turns).

siradein the Ducker (Minotaur Gladiator)            Turns: 2792, Time: 00:02:51

Health: -7/42      AC:  4    Str: 18    XL:     5   Next: 3%
Magic:  4/4        EV: 13    Int:  5    God:
Gold:   186        SH:  0    Dex: 13    Spells: 4/4 levels left

rFire    . . .     SeeInvis .   a - +0 long sword
rCold    . . .     Faith    .   (no shield)
rNeg     . . .     Spirit   .   b - +0 leather armour
rPois    .         Reflect  .   (helmet restricted)
rElec    .         Harm     .   q - +0 cloak
rCorr    .         Rampage  .   (no gloves)
Will     .....                  (no boots)
Stlth    +.........             (no amulet)
HPRegen  0.14/turn              (no ring)
MPRegen  0.09/turn              (no ring)

@: confused
A: horns 2, retaliatory headbutt
a: no special abilities


You were on level 2 of the Dungeon.
You visited 1 branch of the dungeon, and saw 3 of its levels.

You collected 186 gold pieces.

Inventory:

Hand Weapons
 a - a +0 long sword (weapon)
Missiles
 d - 3 throwing nets (quivered)
Armour
 b - a +0 leather armour (worn)
 q - a +0 cloak (worn)
Jewellery
 j - a +6 ring of intelligence
Scrolls
 e - 2 scrolls of vulnerability {unknown}
 g - a scroll of fear {unknown}
 i - a scroll of fog {unknown}
 k - a scroll of amnesia {unknown}
 l - 2 scrolls of identify {unknown}
 m - a scroll of teleportation {unknown}
 n - a scroll of brand weapon {unknown}
 p - a scroll of noise {unknown}
Potions
 c - a potion of haste {unknown}
 f - a potion of heal wounds {unknown}
 h - a potion of curing {unknown}
 o - a potion of berserk rage {unknown}


   Skills:
 - Level 2.4 Fighting
 + Level 4.9 Long Blades
 - Level 2.0 Throwing
 * Level 5.5 Dodging


You had 4 spell levels left.
You didn't know any spells.
Your spell library contained the following spells:

 Spells                   Type           Power      Damage    Failure   Level
 Animate Skeleton         Necr           0%         N/A       54%         1
 Pain                     Necr           0%         1d4       54%         1
 Vampiric Draining        Necr           0%         2d6       88%         3
 Animate Dead             Necr           0%         N/A       99%         4
 Agony                    Necr           0%         N/A       100%        5


Dungeon Overview and Level Annotations

Branches:
Dungeon (3/15)

Altars:
Zin

Annotations:
D:2 Sigmund


Innate Abilities, Weirdness & Mutations

You have a pair of horns on your head.
You reflexively headbutt those who attack you in melee.


Message History

No target in view!
You see here a +0 cloak.
You start putting on your armour.
You continue putting on your +0 cloak. x4
You finish putting on your +0 cloak.
You see here a +0 leather armour.
Found a stone staircase leading up.
There is a stone staircase leading up here.
A ball python and Sigmund come into view.
Sigmund shouts!
The ball python hisses angrily.
Sigmund hits you but does no damage.
A goblin comes into view. It is wielding a +0 dagger.
There are monsters nearby!
There are monsters nearby!
Sigmund barely misses you.
The goblin shouts!
Sigmund gestures at himself while chanting.
Sigmund flickers and vanishes!
Deactivating autopickup; reactivate with Ctrl-A.
You closely miss something. Your headbutt misses something. Something hits you!
You miss something. Something hits you! Something hits you.
Unknown command.
There is a stone staircase leading up here.
Something hits you.
The ball python bites you but does no damage.
The ball python closely misses you.
There is a stone staircase leading up here.
Something barely misses you. The ball python closely misses you.
You furiously retaliate!
You headbutt the ball python!
You kill the ball python!
You climb upwards.
Reactivating autopickup.
There is a stone staircase leading down here.
Deactivating autopickup; reactivate with Ctrl-A.
You miss something. You headbutt something! Something hits you!
* * * LOW HITPOINT WARNING * * *
You hear some strange, mumbled words.
You are confused.
Something hits you!
You die...

##### #>{.# ########...#
#......@...# #....<.....#
########...(......# ######
#.....##..........###....# ##
#.....##...............).# #.
#.....##.......##.##.....# #.
#....^.........##.##.>...## ##.
######.........##.###.....###..
#.#.....#....# #..........


There were no monsters in sight!

Vanquished Creatures
  Jessica (D:3)
  4 adders (D:2)
  4 worms
  An orc (D:3)
  6 ball pythons
  5 endoplasms
  8 giant cockroaches
  6 hobgoblins
  A jackal (D:2)
  4 quokkas (D:2)
  5 bats
  A frilled lizard (D:2)
  3 goblins
  8 kobolds
  7 rats
64 creatures vanquished.

Vanquished Creatures (others)
  37 plants (D:2)
37 creatures vanquished.

Grand Total: 101 creatures vanquished

Notes
Turn   | Place    | Note
-------+----------+-------------------------------------------
     0 | D:1      | siradein the Minotaur Gladiator began the quest for the
                  | Orb.
     0 | D:1      | Reached XP level 1. HP: 18/18 MP: 0/0
   466 | D:1      | Reached XP level 2. HP: 23/25 MP: 1/1
   695 | D:1      | Found a faded altar of an unknown god.
   968 | D:2      | Reached skill level 4 in Dodging
  1175 | D:2      | Reached XP level 3. HP: 20/30 MP: 2/2
  1741 | D:2      | Reached XP level 4. HP: 26/37 MP: 3/3
  1866 | D:2      | Reached skill level 5 in Dodging
  2344 | D:3      | Found a glowing silver altar of Zin.
  2559 | D:3      | Noticed Jessica
  2562 | D:3      | Killed Jessica
  2627 | D:3      | Reached XP level 5. HP: 38/42 MP: 4/4
  2777 | D:3      | Noticed Sigmund
  2792 | D:2      | Mangled by Sigmund

Illustrated notes

Levels and vault maps discovered:
D:1:      dpeg_arrival_water_temple_mockup, layout_basic,
          shapermc_ecumenical_altar_totnotflames, palyth_stone_intersect,
          roderic_lattice_a, minivault_24, minmay_misc_feat_x
D:2:      layout_rooms, serial_bayou, serial_bayou_crossing,
          serial_bayou_shore_b, serial_bayou_lagoon_a, serial_bayou_pond_b,
          minmay_quadrilaterals
D:3:      layout_loops_ring, zin_academy, marbit_many_paths,
          grunt_decor_one_mirror, uniq_jessica, uniq_sigmund

Skill      XL: |  1  2  3  4 |
---------------+-------------+-----
Long Blades    | 4 |  4.9
Dodging        | 4 5 |  5.5
Fighting       | |  2.4
Throwing       | |  2.0

Action                   |  1- 3 |  4- 6 || total
-------------------------+-------+-------++-------
Melee: Long sword        |    58 |    43 ||   101
       Headbutt          |     9 |     8 ||    17
Armor: Leather armour    |    10 |    10 ||    20
Dodge: Dodged            |    54 |    34 ||    88
       Rpst.: Long sword |    17 |    10 ||    27

Table legend: (Time is in decaauts)
 A = Elapsed time spent in this place.
 B = Non-inter-level travel time spent in this place.
 C = Inter-level travel time spent in this place.
 D = Time resting spent in this place.
 E = Time spent auto-exploring this place.
 F = Levels seen in this place.
 G = Mean time per level.
                   A        B        C        D        E       F      G
               +--------+--------+--------+--------+--------+-----+--------+
         Total |   2836 |   2778 |     58 |      0 |   2467 |   3 |  945.3 |
       Dungeon |   2836 |   2778 |     58 |      0 |   2467 |   3 |  945.3 |
               +--------+--------+--------+--------+--------+-----+--------+

Top non-repeatable levels by time:
     D:2: 1443 daAuts
     D:1: 938 daAuts
     D:3: 453 daAuts
